 Dungeon Crawl Stone Soup version 0.31-a0-631-g285b096 (webtiles) character file.

Game seed: 13323527796546630930

5150 pringlator the Carver (level 10, -5/91 HPs)
             Began as a Minotaur Berserker on Aug 25, 2023.
             Was a Priest of Trog.
             Slain by a redback (9 damage)
             ... on level 7 of the Dungeon.
             The game lasted 00:37:15 (6179 turns).

pringlator the Carver (Minotaur Berserker)          Turns: 6179, Time: 00:37:15

Health: -5/91      AC: 12    Str: 29    XL:     10   Next: 33%
Magic:  9/9        EV:  9    Int:  3    God:    Trog [***...]
Gold:   423        SH:  5    Dex: 10    Spells: 9/9 levels left

rFire   + . .        f - +0 scimitar
rCold   . . .        (no shield)
rNeg    . . .        v - +2 plate armour {Will+}
rPois   +            (helmet restricted)
rElec   .            (no cloak)
rCorr   .            e - +0 pair of gloves
SInv    .            (no boots)
Will    +++..        s - amulet of reflection Stlth
                     h - ring of poison resistance
HPRegen 1.35/turn    g - ring of protection from fire
MPRegen 0.11/turn

%: reflection
@: strong-willed (expiring), on berserk cooldown, regenerating (expiring),
slowed, very slow
A: horns 2, retaliatory headbutt, talons 1, deformed body, strong 1
a: Renounce Religion, Berserk, Trog's Hand


You were on level 7 of the Dungeon.
You worshipped Trog.
Trog was most pleased with you.
You visited 1 branch of the dungeon, and saw 7 of its levels.

You collected 423 gold pieces.

Inventory:

Hand Weapons
 a - a +0 falchion
 f - a +0 scimitar (weapon)
Armour
 b - a +0 animal skin
 d - a +0 ring mail
 e - a +0 pair of gloves (worn)
 j - a +2 chain mail of willpower
 m - a +0 chain mail
 v - a +2 plate armour of willpower (worn)
Jewellery
 g - a ring of protection from fire (right hand)
 h - a ring of poison resistance (left hand)
 l - a ring of flight
 s - an amulet of reflection (around neck)
Wands
 p - a wand of iceblast (15)
Scrolls
 c - a scroll of blinking
 k - a scroll of poison
 o - a scroll of teleportation
 q - 4 scrolls of identify
 x - a scroll of torment {unknown}
Potions
 i - a potion of brilliance
 n - a potion of mutation
 r - a potion of lignification
 u - a potion of enlightenment
 w - a potion of berserk rage


   Skills:
 + Level 9.1 Fighting
 + Level 11.6 Long Blades
 + Level 10.0 Armour
 + Level 5.2 Dodging
 + Level 1.4 Stealth
 + Level 4.3 Shields


You had 9 spell levels left.
You didn't know any spells.
Your spell library was empty.

Dungeon Overview and Level Annotations

Branches:
Dungeon (7/15)
 Temple: D:4-7

Altars:
Ashenzari

Shops:
D:6 *

Annotations:
D:7 2 runed translucent doors


Innate Abilities, Weirdness & Mutations

You have a pair of horns on your head.
You reflexively headbutt those who attack you in melee.
You have sharp toenails.
Armour fits poorly on your strangely shaped body.
Your muscles are strong. (Str +4, Int/Dex -1)


Message History

Trog accepts your kill. The redback bites you. You block the redback's attack.
Your Fighting skill increases to level 9!
You slash the redback! You claw the redback.
The redback is heavily wounded.
The redback bites you! x2
* * * LOW HITPOINT WARNING * * *
You block the redback's attack.
Okay, then.
Your skin crawls.
You feel strong-willed.
You hear the faint creaking of a distant portcullis.
You block the redback's attack. The redback bites you.
* * * LOW HITPOINT WARNING * * *
The redback bites you!
* * * LOW HITPOINT WARNING * * *
The redback bites you.
* * * LOW HITPOINT WARNING * * *
The redback bites you.
* * * LOW HITPOINT WARNING * * *
The redback attacks as it pursues you! The redback closely misses you.
You furiously retaliate!
You headbutt the redback! The redback bites you.
* * * LOW HITPOINT WARNING * * *
You block the redback's attack.
You feel the effects of Trog's Hand fading.
The redback bites you!
* * * LOW HITPOINT WARNING * * *
The scorpion closely misses you. The redback closely misses you.
The redback attacks as it pursues you!
The redback bites you but does no damage.
The scorpion attacks as it pursues you! The scorpion barely misses you.
The redback bites you but does no damage.
The scorpion stings you but does no damage.
There is a stone staircase leading up here.
You can't go down here!
The redback bites you.
* * * LOW HITPOINT WARNING * * *
The scorpion stings you but does no damage.
The redback bites you!
You die...

### #+ #.# ## #.#####
#.# +. #.......###.#
##.###..## ....#
#........#####..#####
#..................$.
#........######...###
###...@...##....##..##
#.....ss..#.....+##..##
...#......##.....#.##...
#..>......#.....##..###.
#####.....###†###y....##
###.#....†):#y.....+
#.#.###'###y....##
#.#.#s.s..##.y###.
#.#.##.....#y##...


You could see a redback and a scorpion.

Vanquished Creatures
  A skeletal warrior (D:6)
  Grinder (D:6)
  Sigmund (D:6)
  A shadow (D:6)
  3 redbacks (D:7)
  3 vampire mosquitoes (D:7)
  8 water moccasins
  An orc warrior (D:6)
  3 black bears
  2 ice beasts (D:6)
  2 centaurs (D:6)
  An ogre (D:6)
  4 phantoms
  A kobold brigand (D:6)
  2 bullfrogs (D:6)
  5 scorpions
  6 wights
  2 hounds
  3 jellies (D:6)
  A gnoll bouda (D:4)
  5 iguanas
  3 sleepcaps
  2 orc wizards (D:6)
  8 gnolls
  5 adders
  A white imp (D:5)
  2 ufetubi (D:6)
  6 dart slugs
  7 orcs
  9 ball pythons
  6 endoplasms
  2 giant cockroaches
  6 goblins
  6 hobgoblins
  3 jackals (D:2)
  6 quokkas
  5 bats
  2 frilled lizards
  10 kobolds
  2 rats (D:1)
147 creatures vanquished.

Notes
Turn   | Place    | Note
-------+----------+-------------------------------------------
     0 | D:1      | pringlator the Minotaur Berserker began the quest for the
                  | Orb.
     0 | D:1      | Reached XP level 1. HP: 19/19 MP: 0/0
   294 | D:1      | Reached skill level 4 in Long Blades
   306 | D:1      | Reached XP level 2. HP: 19/27 MP: 1/1
   652 | D:1      | Reached XP level 3. HP: 27/33 MP: 2/2
   682 | D:1      | Reached ** piety under Trog
   933 | D:2      | Identified the +0 robe "Virariah" {+Blink}
  1234 | D:2      | Reached XP level 4. HP: 39/40 MP: 3/3
  1547 | D:3      | Reached skill level 5 in Long Blades
  2221 | D:4      | Reached XP level 5. HP: 41/47 MP: 4/4
  2748 | D:4      | Gained mutation: Armour fits poorly on your strangely
                  | shaped body. [potion of mutation]
  2748 | D:4      | Gained mutation: Your muscles are strong. (Str +4, Int/Dex
                  | -1) [potion of mutation]
  2748 | D:4      | Gained mutation: You have sharp toenails. [potion of
                  | mutation]
  2785 | D:4      | Found a glowing drain.
  3096 | D:5      | Entered Level 5 of the Dungeon
  3133 | D:5      | Reached skill level 5 in Fighting
  3133 | D:5      | Reached XP level 6. HP: 56/56 MP: 5/5
  3170 | D:5      | Reached skill level 6 in Long Blades
  3202 | D:5      | Reached skill level 5 in Armour
  3562 | D:5      | Reached skill level 1 in Shields
  3562 | D:5      | Reached XP level 7. HP: 61/61 MP: 6/6
  3831 | D:5      | Reached skill level 7 in Long Blades
  4077 | D:6      | Found a broken altar of Ashenzari.
  4295 | D:6      | Reached skill level 1 in Stealth
  4300 | D:6      | Noticed Sigmund
  4328 | D:5      | Reached XP level 8. HP: 37/69 MP: 7/7
  4427 | D:6      | Killed Sigmund
  4428 | D:6      | Reached skill level 8 in Long Blades
  4854 | D:6      | Noticed Grinder
  4860 | D:6      | Killed Grinder
  4933 | D:6      | Found Oruos's General Store.
  4980 | D:6      | Reached skill level 9 in Long Blades
  5082 | D:6      | Reached XP level 9. HP: 59/78 MP: 8/8
  5231 | D:6      | Reached *** piety under Trog
  5307 | D:6      | Noticed a skeletal warrior
  5315 | D:6      | Killed a skeletal warrior
  5316 | D:6      | Reached skill level 10 in Long Blades
  5801 | D:6      | Reached skill level 5 in Dodging
  6070 | D:7      | Found a runed translucent door.
  6071 | D:7      | Found a runed translucent gate.
  6071 | D:7      | Found a runed translucent gate.
  6077 | D:7      | Found the +9 staff of Olgreb {rPois∞}
  6081 | D:7      | Found a runed translucent door.
  6095 | D:7      | Reached XP level 10. HP: 89/89 MP: 9/9
  6099 | D:7      | Reached skill level 11 in Long Blades
  6120 | D:7      | Found a runed translucent gate.
  6164 | D:7      | Reached skill level 10 in Armour
  6177 | D:7      | HP: 4/91 [redback (8)]
  6179 | D:7      | Slain by a redback

Illustrated notes

Levels and vault maps discovered:
D:1:      amcnicky_arrival_choice, layout_loops_cross
D:2:      layout_basic
D:3:      layout_loops_ring, kennysheep_pointless_box
D:4:      layout_rooms, cheibrodos_sewer_entry_drain, st_stairs_4
D:5:      layout_loops_cross
D:6:      kennysheep_windowed_halls, layout_rooms, ashenzari_altar_1,
          serial_shops, nicolae_shop_back_alley_shop, uniq_sigmund, uniq_grinder
D:7:      nicolae_cairo_tiling_very_big, layout_rooms,
          minmay_temple_entry_trees, enter_bailey_8,
          minmay_guarded_unrand_staff_of_olgreb

Skill      XL: |  1  2  3  4  5  6  7  8  9 10 |
---------------+-------------------------------+-----
Long Blades    | 4 5 6 7 9 10 11 | 11.6
Fighting       | 4 5 6 8 9 |  9.1
Armour         | 3 4 5 6 8 9 10 | 10.0
Dodging        | 3 5 |  5.2
Shields        | 1 3 4 |  4.3
Stealth        | 1 |  1.4

Action                     |  1- 3 |  4- 6 |  7- 9 | 10-12 || total
---------------------------+-------+-------+-------+-------++-------
  Melee: Falchion          |    90 |   103 |   153 |       ||   346
         Headbutt          |     4 |    16 |    25 |     5 ||    50
         Punch             |     1 |     1 |       |       ||     2
         Kick              |       |    16 |    64 |     2 ||    82
         Scimitar          |       |       |    32 |    34 ||    66
 Invoke: Berserk           |       |     5 |    10 |     1 ||    16
         Trog's Hand       |       |     3 |     3 |     1 ||     7
    Use: Potion            |     5 |     7 |     4 |     1 ||    17
         Scroll            |     3 |     4 |     2 |       ||     9
 Armour: Ring mail         |    41 |     2 |       |       ||    43
         Chain mail        |       |    60 |    51 |       ||   111
         Plate armour      |       |       |    11 |    19 ||    30
  Dodge: Dodged            |    58 |    88 |    68 |    23 ||   237
  Block: Other             |       |     8 |    30 |    17 ||    55

Table legend: (Time is in decaauts)
 A = Elapsed time spent in this place.
 B = Non-inter-level travel time spent in this place.
 C = Inter-level travel time spent in this place.
 D = Time resting spent in this place.
 E = Time spent auto-exploring this place.
 F = Levels seen in this place.
 G = Mean time per level.
                   A        B        C        D        E       F      G
               +--------+--------+--------+--------+--------+-----+--------+
         Total |   6294 |   6232 |     62 |   1715 |   1989 |   7 |  899.1 |
       Dungeon |   6294 |   6232 |     62 |   1715 |   1989 |   7 |  899.1 |
               +--------+--------+--------+--------+--------+-----+--------+

Top non-repeatable levels by time:
     D:6: 1837 daAuts
     D:5: 1107 daAuts
     D:3: 927 daAuts
     D:1: 846 daAuts
     D:4: 750 daAuts
     D:2: 612 daAuts
     D:7: 212 daAuts
